 Dungeon Crawl Stone Soup version 0.20-a0-1000-g0e8f6bb (webtiles) character file.

25 Arkorax the Skirmisher (level 3, 0/54 HPs)
             Began as a Bultungin Wanderer on Apr 12, 2017.
             Slain by valenzione's ghost (12 damage)
             ... on level 3 of the Dungeon.
             The game lasted 00:02:25 (1264 turns).

Arkorax the Skirmisher (Bultungin Wanderer)         Turns: 1264, Time: 00:02:26

Health: 0/54       AC:  3    Str: 18    XL:     3   Next: 4%
Magic:  4/4        EV: 10    Int: 10    God:
Gold:   29         SH:  4    Dex: 14    Spells: 2/2 levels left

rFire    . . .     SeeInvis +   e - +0 falchion
rCold    . . .     Gourm    .   l - +0 buckler
rNeg     . . .     Faith    .   m - +0 leather armour
rPois    .         Spirit   .   (no helmet)
rElec    .         Reflect  .   (no cloak)
rCorr    .         Harm     .   (no gloves)
MR       .....                  (no boots)
Stlth    ..........             (no amulet)
Regen    0.2/turn               (no ring)
MPRegen  0.1/turn               (no ring)

@: berserking, very quick
A: short attention span, fangs 1, see invisible, strong nose
a: no special abilities


You were on level 3 of the Dungeon.
You were not hungry.

You visited 1 branch of the dungeon, and saw 3 of its levels.

You collected 29 gold pieces.

Inventory:

Hand Weapons
 a - a +2 dagger
 c - a +0 shortbow
 e - a +0 falchion (weapon)
Missiles
 d - 72 arrows
Armour
 f - a +0 robe
 l - a +0 buckler (worn)
 m - a +0 leather armour (worn)
Scrolls
 i - 6 scrolls of identify {unknown}
 k - a scroll of teleportation {unknown}
 n - a scroll of remove curse {unknown}
 o - a scroll of enchant armour {unknown}
Potions
 h - 2 potions of might {unknown}
 p - a potion of degeneration {unknown}
Comestibles
 g - a bread ration {!e}
 j - a royal jelly


   Skills:
 + Level 7.3 Fighting
 * Level 3.0 Long Blades
   Level 1.5 Maces & Flails
 + Level 2.3 Armour
 - Level 1.3 Stealth
 + Level 1.3 Shields
   Level 1.5 Evocations


You had 2 spell levels left.
You didn't know any spells.

Dungeon Overview and Level Annotations

Branches:
Dungeon (3/15)

Altars:

Annotations:
D:2 Sigmund
D:3 valenzione's ghost, amateur GrFi


Innate Abilities, Weirdness & Mutations

You have a short attention span.
You have very sharp teeth.
You have supernaturally acute eyesight. (SInv)
Your uncanny sense of smell can sniff out nearby items.


Message History

No target in view!
No target in view!
Found 20 stones.
No target in view!
All of the chunks of flesh in your inventory have rotted away.
You see here 20 stones.
Valenzione's ghost (amateur Gargoyle Fighter) comes into view.
Found a dark potion.
Valenzione's ghost is nearby!
Valenzione's ghost turns its malevolent gaze towards you.
You hit valenzione's ghost.
Valenzione's ghost is lightly damaged.
Valenzione's ghost hits you! Valenzione's ghost barely misses you.
Valenzione's ghost is nearby!
You hit valenzione's ghost but do no damage.
Valenzione's ghost is lightly damaged.
Valenzione's ghost hits you.
* * * LOW HITPOINT WARNING * * *
Damage: 20 (max 20)
You are too injured to fight recklessly!
You are too injured to fight recklessly!
You are too injured to fight recklessly!
You are too injured to fight recklessly!
Unknown command.
Press: ? - help, v - describe, . - travel
Here: valenzione's ghost (lightly damaged)
The floor.
Press: ? - help, v - describe, . - travel
Here: valenzione's ghost (lightly damaged)
The floor.
A red film seems to cover your vision as you go berserk!
You feel yourself moving faster!
You feel mighty! Valenzione's ghost barely misses you.
You hit valenzione's ghost.
Valenzione's ghost is lightly damaged.
Valenzione's ghost hits you!
* * * LOW HITPOINT WARNING * * *
You slash valenzione's ghost!
Valenzione's ghost is heavily damaged.
Damage: 8 (max 20)
You hit valenzione's ghost but do no damage.
You bite valenzione's ghost, but do no damage.
Valenzione's ghost is heavily damaged.
Valenzione's ghost hits you.
* * * LOW HITPOINT WARNING * * *
Damage: 4 (max 20)
You hit valenzione's ghost.
Valenzione's ghost is severely damaged.
Valenzione's ghost hits you!
You die...

#..###.##.###.##.###
#..# #........#.....
#..# ###.####.#..###
#..#####.# ##.#..#
#.#(.....# #..<..#
..###.###.# #..#†##
#.# ##....# #..#.# #
#. ##.###.# #. #.# #
# #@.# # #.####
#...W..# #..#(....
#......!. #...<....
#......### #.#####..
#......# #.######.
#....... ........
#.###### >#####.. #.
#.. #..


You could see valenzione's ghost.

Vanquished Creatures
  An ooze (D:1)
  5 bats
  A giant cockroach (D:2)
  4 goblins
  A hobgoblin (D:1)
  3 jackals (D:1)
  A ball python (D:1)
  A frilled lizard (D:1)
  2 kobolds
  A rat (D:3)
20 creatures vanquished.

Notes
Turn   | Place    | Note
-------+----------+-------------------------------------------
     0 | D:1      | Arkorax the Bultungin Wanderer began the quest for the Orb.
     0 | D:1      | Arkorax set off with: a +2 dagger, a potion of berserk rage, a +0 shortbow, 23 arrows, a +0 falchion, a +0 robe, a bread ration {!e}
     0 | D:1      | Reached XP level 1. HP: 24/24 MP: 2/2
    10 | D:1      | Reached skill level 2 in Armour
   166 | D:1      | Reached skill level 2 in Long Blades
   166 | D:1      | Reached XP level 2. HP: 17/31 MP: 3/3
   168 | D:1      | HP: 8/31 [jackal (3)]
   173 | D:1      | HP: 3/31 [jackal (2)]
   200 | D:1      | HP: 1/31 [ooze (5)]
   931 | D:2      | Reached skill level 1 in Shields
   945 | D:2      | Reached skill level 3 in Long Blades
  1008 | D:2      | Noticed Sigmund
  1021 | D:3      | Reached XP level 3. HP: 12/36 MP: 4/4
  1255 | D:3      | Noticed valenzione's ghost (amateur GrFi)
  1261 | D:3      | HP: 16/54 [valenzione's ghost (8)]
  1264 | D:3      | Slain by valenzione's ghost

Vault maps used:
D:1:      shiori_arrival_maze
D:2:      uniq_sigmund
D:3:      tso_metal_star, st_stairs_3, roderic_roman_lattice,
          minmay_misc_feat_doors, uniq_natasha

Skill      XL: |  1  2 |
---------------+-------+-----
Armour         | 2 |  2.3
Long Blades    | 2 3 |  3.0
Shields        | 1 |  1.3
Fighting       | |  7.3
Maces & Flails | |  1.5
Stealth        | |  1.3
Evocations     | |  1.5

Action                   || total
-------------------------++-------
Melee: Falchion          ||    70
       Bite              ||     6
  Use: Potion            ||     1
 Stab: Sleeping          ||     2
  Eat: Chunk             ||     1
Armor: Robe              ||    11
       Leather armour    ||     9
Dodge: Dodged            ||    48
Block: Buckler           ||     9
       Rpst.: Falchion   ||    12

Table legend:
 A = Turns spent in this place as a percentage of turns spent in the entire game.
 B = Non-inter-level travel turns spent in this place as a percentage of non-inter-level travel turns spent in the entire game.
 C = Inter-level travel turns spent in this place as a percentage of turns spent in this place.
 D = Turns resting spent in this place as a percentage of non-inter-level travel turns spent in this place.
 E = Turns spent auto-exploring this place as a percentage of non-inter-level travel turns spent in this place.
 F = Non-inter-level travel turns spent in this place divided by the number of levels of this place that you've seen.
                   A       B       C       D       E      F
               +-------+-------+-------+-------+-------+----------------------
         Total | 100.0 | 100.0 |   0.3 |   3.2 |  11.7 | 125.0
       Dungeon | 100.0 | 100.0 |   0.3 |   3.2 |  11.7 | 125.0
               +-------+-------+-------+-------+-------+----------------------

Vault maps used:
D:1:      shiori_arrival_maze
D:2:      uniq_sigmund
D:3:      tso_metal_star, st_stairs_3, roderic_roman_lattice,
          minmay_misc_feat_doors, uniq_natasha
